 Dungeon Crawl Stone Soup version 0.22-a0-49-g614aadd (webtiles) character file.

212 shenanigans the Skirmisher (level 5, -4/43 HPs)
             Began as a Barachi Monk on Jan 9, 2018.
             Slain by a gnoll
             ... wielding a +0 halberd
              (11 damage)
             ... on level 3 of the Dungeon.
             The game lasted 00:08:59 (4106 turns).

shenanigans the Skirmisher (Barachi Monk)           Turns: 4106, Time: 00:08:59

Health: -4/43      AC: 12    Str: 12    XL:     5   Next: 90%
Magic:  5/5        EV:  4    Int: 11    God:
Gold:   169        SH:  0    Dex: 15    Spells: 4/4 levels left

rFire    . . .     SeeInvis .   a - +0 hand axe
rCold    . . .     Gourm    .   (no shield)
rNeg     . . .     Faith    .   j - +0 plate armour
rPois    .         Spirit   .   (no helmet)
rElec    .         Reflect  .   (no cloak)
rCorr    .         Harm     .   m - +0 pair of gloves
MR       .....                  (no boots)
Stlth    ..........             (no amulet)
HPRegen  0.14/turn              (no ring)
MPRegen  0.09/turn              (no ring)

@: can't hop, slow
A: +LOS, swims, slowness 1, strong legs 1
a: Hop


You were on level 3 of the Dungeon.
You were not hungry.

You visited 1 branch of the dungeon, and saw 3 of its levels.

You collected 169 gold pieces.

Inventory:

Hand Weapons
 a - a +0 hand axe (weapon)
Missiles
 h - 3 javelins (quivered)
Armour
 b - a +0 robe
 f - a +0 ring mail
 j - a +0 plate armour (worn)
 m - a +0 pair of gloves (worn)
 o - a +0 scale mail
Scrolls
 l - a scroll of amnesia {unknown}
Potions
 i - a potion of curing
Comestibles
 c - 3 rations


   Skills:
 + Level 4.9 Fighting
 + Level 4.4 Axes
 + Level 3.1 Armour
 + Level 4.5 Dodging
 - Level 1.7 Stealth


You had 4 spell levels left.
You didn't know any spells.

Dungeon Overview and Level Annotations

Branches:
Dungeon (3/15)

Altars:
Fedhas
Kikubaaqudgha


Innate Abilities, Weirdness & Mutations

Shadows flee at your approach. (+LOS)
You can swim through water.
You cover ground slowly.
You can hop short distances.


Message History

The gnoll hits you but does no damage. x2
You barely miss the gnoll.
The gnoll is lightly wounded.
The gnoll hits you with a spear.
You hit the gnoll.
The gnoll is moderately wounded.
The gnoll hits you from afar with a halberd.
The gnoll hits you but does no damage.
Your plate armour prevents you from hitting the gnoll.
The gnoll is moderately wounded.
The gnoll barely misses you. The gnoll hits you with a spear.
You hit the gnoll.
The gnoll is heavily wounded.
The gnoll hits you but does no damage. x2
You slash the gnoll!
You kill the gnoll!
The gnoll hits you from afar with a halberd!
* * * LOW HITPOINT WARNING * * *
The gnoll hits you with a halberd!
You die...

.#.#..# #.#............#
.#.#..###.....####.....##########
..................g.g.)..........
...................gg............
.###..#.#.#......###########.....
.###..#.#.#.#.##.# #.....
...#..#....)...#g# #.....
.#.#..#.#.#(#..#g# ##....
.#.#..#.#.#.#..#@# #....
.#....###.#.#..#§# #....
.....##...#.#..#§# #....
...............#§# ###..
.)...##.....#..§§# #..
.....######.###### ######..
...#.....#### #....... ..##.....#
####....... .........#
#....ggg...


You could see 2 gnolls.

Vanquished Creatures
  6 adders
  6 gnolls
  2 oozes (D:2)
  4 worms
  2 leopard geckos
  An orc (D:3)
  A ball python (D:2)
  4 giant cockroaches
  10 goblins
  8 hobgoblins
  3 jackals (D:2)
  6 kobolds
  2 quokkas
  7 bats
  5 frilled lizards
  15 rats
82 creatures vanquished.

Notes
Turn   | Place    | Note
-------+----------+-------------------------------------------
     0 | D:1      | shenanigans the Barachi Monk began the quest for the Orb.
     0 | D:1      | Reached XP level 1. HP: 18/18 MP: 1/1
   457 | D:1      | Reached XP level 2. HP: 20/25 MP: 2/2
   582 | D:1      | Reached skill level 1 in Armour
   754 | D:1      | Reached XP level 3. HP: 26/30 MP: 3/3
  1042 | D:2      | Found an ancient bone altar of Kikubaaqudgha.
  1049 | D:2      | Found a blossoming altar of Fedhas.
  1437 | D:2      | Reached XP level 4. HP: 24/37 MP: 4/4
  2413 | D:2      | Reached XP level 5. HP: 37/43 MP: 5/5
  4088 | D:3      | HP: 1/43 [gnoll (4)]
  4106 | D:3      | Slain by a gnoll

Vault maps used:
D:1:      dpeg_arrival_rooms_b, corexii_leaking_fountain
D:2:      grunt_temple_overflow_growth_and_decay, nicolae_underground_beach
D:3:      uniq_robin

Skill      XL: |  1  2  3  4  5 |
---------------+----------------+-----
Armour         | 1 2 3 |  3.1
Fighting       | 4 |  4.9
Axes           | 4 |  4.4
Dodging        | 4 |  4.5
Stealth        | |  1.7

Action                   |  1- 3 |  4- 6 || total
-------------------------+-------+-------++-------
Melee: Hand axe          |   191 |   308 ||   499
Throw: Javelin           |     8 |       ||     8
 Abil: Hop               |       |     2 ||     2
  Use: Potion            |       |     4 ||     4
       Scroll            |       |     2 ||     2
 Stab: Sleeping          |     2 |       ||     2
  Eat: Chunk             |     2 |    10 ||    12
Armor: Robe              |    26 |       ||    26
       Ring mail         |    19 |       ||    19
       Plate armour      |    15 |   264 ||   279
Dodge: Dodged            |   138 |    75 ||   213

Table legend:
 A = Spawn XP
 B = Non-spawn XP
 C = Spawn XP percentage of total XP
 D = Spawn monster count
 E = Non-spawn monster count
 F = Spawn count percentage of total count
 G = Total turns spent on level
                    A         B        C        D         E        F      G
               +---------+---------+-------+---------+---------+-------+---------
         Total |       0 |     304 |   0.0 |       0 |      82 |   0.0 |  4106
               +---------+---------+-------+---------+---------+-------+---------
           D:1 |       0 |      44 |   0.0 |       0 |      28 |   0.0 |  1033
           D:2 |       0 |     154 |   0.0 |       0 |      38 |   0.0 |  2439
           D:3 |       0 |     106 |   0.0 |       0 |      16 |   0.0 |   634
               +---------+---------+-------+---------+---------+-------+---------
